 Dungeon Crawl Stone Soup version 0.30.0-15-g856e2d3f33 (webtiles) character file.

Game seed: 14844533583915678130

177 CaptainMV the Sneak (level 5, -10/39 HPs)
             Began as a Demonspawn Wanderer on May 19, 2023.
             Mangled by a komodo dragon (shapeshifter) (21 damage)
             ... on level 4 of the Dungeon.
             The game lasted 00:17:19 (1674 turns).

CaptainMV the Sneak (Demonspawn Wanderer)           Turns: 1674, Time: 00:17:20

Health: -10/39     AC:  6    Str: 10    XL:     5   Next: 30%
Magic:  5/8        EV: 12    Int: 19    God:
Gold:   136        SH:  0    Dex: 11    Spells: 4/8 levels left

rFire   . . .        a - +5 quarterstaff (chaos)
rCold   . . .        (shield currently unavailable)
rNeg    . . .        e - +1 robe
rPois   .            c - +0 helmet
rElec   .            (no cloak)
rCorr   .            (no gloves)
SInv    .            (no boots)
Will    .....        (no amulet)
Stlth   ++           (no ring)
HPRegen 0.26/turn    (no ring)
MPRegen 0.11/turn

%: no passive effects
@: no status effects
A: hooves 2, icy blue scales 1
a: no special abilities


You were on level 4 of the Dungeon.
You visited 1 branch of the dungeon, and saw 4 of its levels.

You collected 136 gold pieces.

Inventory:

Hand Weapons
 a - a +5 quarterstaff of chaos (weapon)
Missiles
 f - 4 poisoned darts (quivered)
Armour
 c - a +0 helmet (worn)
 e - a +1 robe (worn)
Magical Staves
 b - a staff of death
Jewellery
 o - a +6 ring of strength
Wands
 i - a wand of digging (5)
Scrolls
 k - a scroll of poison
 m - a scroll of brand weapon
 p - a scroll of fear
 q - 3 scrolls of magic mapping
 r - a scroll of teleportation
 u - a scroll of enchant armour
Potions
 d - 2 potions of attraction
 g - a potion of might {unknown}
 h - a potion of brilliance
 j - a potion of curing {unknown}
 l - 2 potions of heal wounds
 n - a potion of mutation {unknown}
 s - a potion of degeneration {unknown}
 t - a potion of flight {unknown}


   Skills:
 + Level 2.6 Fighting
 + Level 0.6 Short Blades
 + Level 1.3 Staves
 + Level 1.2 Armour
 + Level 2.1 Dodging
 + Level 3.2 Stealth
 + Level 2.0 Spellcasting
 + Level 0.2 Conjurations
 - Level 1.2 Necromancy
 + Level 1.1 Transmutations
 + Level 0.2 Air Magic
 + Level 1.7 Poison Magic


You had 4 spell levels left.
You knew the following spells:

 Your Spells              Type           Power      Damage    Failure   Level
a - Sting                 Tmut/Pois      28%        1d4       10%         1
b - Mephitic Cloud        Conj/Pois/Air  4%         N/A       36%         3

Your spell library contained the following spells:

 Spells                   Type           Power      Damage    Failure   Level
 Hailstorm                Conj/Ice       2%         3d3       43%         3
 Ice Form                 Ice/Tmut       4%         N/A       78%         4
 Simulacrum               Ice/Necr       2%         N/A       100%        6


Dungeon Overview and Level Annotations

Branches:
Dungeon (4/15)
 Temple: D:4-7

Altars:


Innate Abilities, Weirdness & Mutations

You have hoof-like feet.
You are partially covered in icy blue scales. (AC +2)


Message History

Aim: a kobold, wielding a +0 whip (asleep, chance to affect: 96%)
The ball explodes into a vile cloud!
The stinking cloud engulfs the kobold but does no damage.
The kobold shouts!
You hear a bark!
A hound comes into view.
The kobold is engulfed in noxious fumes.
The kobold appears confused.
The hound moves out of view.
The kobold is engulfed in noxious fumes.
The kobold appears confused.
The hound is engulfed in noxious fumes.
The hound appears confused.
The hound barely misses you.
The kobold is engulfed in noxious fumes.
The kobold appears confused.
You barely miss the hound. You kick the hound.
The hound is lightly wounded.
The hound barely misses you.
You hit the hound.
The hound is heavily wounded.
The hound misses you.
The hound bites itself.
You strike the helpless hound from behind!
You hit the hound but do no damage.
The hound changes into a shapeshifter!
You kick the shapeshifter, but do no damage.
The shapeshifter is lightly wounded.
The shapeshifter changes into a komodo dragon!
You hit the komodo dragon. You freeze the komodo dragon.
The komodo dragon is lightly wounded.
The komodo dragon bites you!!
Ouch! That really hurt!
* * * LOW HITPOINT WARNING * * *
Casting: Mephitic Cloud (quite dangerous; 36% risk of failure)
Confirm with . or Enter, or press ? or * to list all spells.
Aiming: Sting (safe; 10% risk of failure)
Press: ? - help, Shift-Dir - straight line, f - komodo dragon
Aim: a komodo dragon shaped shifter (lightly wounded, 77% to hit)
The sting hits the komodo dragon but does no damage.
The komodo dragon is poisoned.
The komodo dragon is lightly wounded.
The komodo dragon bites you!!
Ouch! That really hurt!
You die...

### #.. #.# #.#
###### #.# #.#....
###.###.......
...#<............
....................
####..#.#.#l@#.#...
.....#.?.#..# # ###.
#..##..# #..........
#.##........ #
..........
###.#..#.#.. #....
.#


You could see a komodo dragon shaped shifter (poisoned).

Vanquished Creatures
  A sky beast (D:3)
  A hound (D:2)
  An adder (D:2)
  A worm (D:2)
  9 endoplasms
  3 giant cockroaches
  3 goblins
  2 hobgoblins
  3 kobolds
  3 quokkas
  5 ball pythons
  6 bats
  A frilled lizard (D:3)
  3 rats
42 creatures vanquished.

Notes
Turn   | Place    | Note
-------+----------+-------------------------------------------
     0 | D:1      | CaptainMV the Demonspawn Wanderer began the quest for the
                  | Orb.
     0 | D:1      | CaptainMV set off with the following items: a +2 dagger, a
                  | scroll of fear, a +0 helmet, a potion of attraction, a +0
                  | robe; and the following spell memorised: Sting; and the
                  | following spells available to memorise: Mephitic Cloud.
     0 | D:1      | Reached XP level 1. HP: 16/16 MP: 2/2
   258 | D:1      | Gained mutation: You have large cloven feet. [demonic
                  | ancestry]
   258 | D:1      | Reached XP level 2. HP: 23/23 MP: 3/3
   360 | D:1      | Identified a scroll of acquirement
   360 | D:1      | Acquired a +4 spectral quarterstaff
   898 | D:2      | Reached XP level 3. HP: 18/28 MP: 1/4
   900 | D:2      | Reached skill level 3 in Stealth
   972 | D:2      | Reached skill level 1 in Transmutations
   972 | D:2      | Gained mutation: You have hoof-like feet. [demonic
                  | ancestry]
   972 | D:2      | Reached XP level 4. HP: 34/34 MP: 4/6
  1028 | D:2      | Learned a level 3 spell: Mephitic Cloud
  1563 | D:3      | Noticed a sky beast
  1574 | D:3      | Killed a sky beast
  1575 | D:3      | Reached skill level 1 in Staves
  1575 | D:3      | Reached skill level 1 in Necromancy
  1575 | D:3      | Gained mutation: You are partially covered in icy blue
                  | scales. (AC +2) [demonic ancestry]
  1575 | D:3      | Reached XP level 5. HP: 20/39 MP: 4/8
  1672 | D:4      | a hound changed into a shapeshifter
  1672 | D:4      | Noticed a shapeshifter (shapeshifter)
  1672 | D:4      | a shapeshifter changed into a komodo dragon
  1672 | D:4      | Noticed a komodo dragon (shapeshifter)
  1674 | D:4      | Mangled by a komodo dragon (shapeshifter)

Illustrated notes

Levels and vault maps discovered:
D:1:      matt_arrival_spirals, layout_basic
D:2:      layout_rooms, st_stairs_5, minmay_misc_feat_cross
D:3:      layout_loops_ring
D:4:      layout_loops_cross, portal_sewer_entry_a

Skill      XL: |  1  2  3  4 |
---------------+-------------+-----
Dodging        | 2 |  2.1
Stealth        | 3 |  3.2
Transmutations | 1 |  1.1
Staves         | 1 |  1.3
Spellcasting   | 2 |  2.0
Necromancy     | 1 |  1.2
Fighting       | |  2.6
Short Blades   | |  0.6
Armour         | |  1.2
Conjurations   | |  0.2
Air Magic      | |  0.2
Poison Magic   | |  1.7

Action                     |  1- 3 |  4- 6 || total
---------------------------+-------+-------++-------
  Melee: Dagger            |    20 |       ||    20
         Quarterstaff      |    17 |    24 ||    41
         Kick              |     4 |     6 ||    10
   Cast: Sting             |    21 |     3 ||    24
         Mephitic Cloud    |       |     6 ||     6
    Use: Scroll            |     4 |     6 ||    10
   Stab: Sleeping          |     3 |       ||     3
         Confused          |       |     1 ||     1
 Armour: Robe              |     7 |     4 ||    11
  Dodge: Dodged            |    24 |    10 ||    34
